cohdb
Replays
Latest Replays
All Replays
Popular Replays
Top Player Replays
Match Explorer
How It Works
Community
CoH3 Stats
Reddit
Sign in to upload your games and track your stats! →
Sign in with Steam
Match 46597084
Unlisted
Match 46597084
Overview
Messages
Build Orders
End
Construct Weapon Support Center
M1919 Machine Gun Team
Selects Heavy Weapons
Bazooka Squad
M1919 Machine Gun Team
Engineer Squad
Engineer Squad
Selects M2HB .50cal Heavy Machine Gun
Air Support Center
Construct Medical Station
Scout Squad
Grasshopper Recon Run
Construct Motor Pool
M3 Armored Personnel Carrier
P-47 Dive Bomb
Bazooka Squad
M24 Chaffee Light Tank
M1919 Machine Gun Team
Engineer Squad
Grasshopper Recon Run
P-47 Dive Bomb
Double Sortie
Improved Aircraft Armor
P-47 Strafing Run
Air Supply
Selects Assault Carriers
Selects Halftrack Strongpoints
P-47 Strafing Run
Improved M9 Bazooka Rockets
P-47 Dive Bomb
P-47 Strafing Run
Grasshopper Recon Run
M1 Anti-tank Gun Team
P-47 Strafing Run
Construct Tank Depot
Grasshopper Recon Run
M18 Hellcat Tank Destroyer
P-47 Strafing Run
M1919 Machine Gun Team
Selects M26 Pershing Heavy Tank
AHordeofBadgers
Mr_NoteAr
User1diego
Champ
Nightshade878
DJBuckCallYo
391878204
Pirip
0
0
Comments
sign in to comment!
No comments posted yet!